 Dungeon Crawl Stone Soup version 0.28.0-53-g5a82cb258f (webtiles) character file.

Game seed: 2908953987245367885

83997 Acheron the Brawler (level 15, -5/140 HPs)
             Began as a Troll Monk on July 7, 2022.
             Was the Champion of Elyvilon.
             Slain by a five-headed hydra (7 damage)
             ... on level 15 of the Dungeon on July 9, 2022.
             The game lasted 03:05:00 (21140 turns).

Acheron the Brawler (Troll Monk)                   Turns: 21140, Time: 03:05:01

Health: -5/140     AC: 15    Str: 23    XL:     15   Next: 33%
Magic:  14/20      EV: 16    Int:  6    God:    Elyvilon [******]
Gold:   1225       SH:  0    Dex: 21    Spells: 9/14 levels left

rFire   + + .      SeeInvis +     - Unarmed
rCold   . . .      Faith    .   (no shield)
rNeg    . . .      Spirit   .   I - +3 acid dragon scales
rPois   .          Reflect  .   (helmet restricted)
rElec   .          Harm     .   H - +0 cloak
rCorr   +          Rampage  .   (gloves unavailable)
Will    +....                   (boots unavailable)
Stlth   +++.......              K - amulet of regeneration
HPRegen 1.93/turn               A - ring of Vusk {rF+ Dex+5}
MPRegen 0.17/turn               s - ring of see invisible

@: hasted, studying Dodging, very quick
A: large, unfitting armour, claws 3, regeneration 1, shaggy fur 1, tough skin 1,
iridescent scales 1, dopey 1, fire resistance 1
a: Renounce Religion, Purification, Heal Other, Heal Self, Divine Vigour


You were on level 15 of the Dungeon.
You worshipped Elyvilon.
Elyvilon was exalted by your worship.
You visited 5 branches of the dungeon, and saw 28 of its levels.

You collected 1325 gold pieces.
You spent 100 gold pieces at shops.

Inventory:

Hand Weapons
 a - a +3 flail
 f - a +2 hand axe of flaming
 h - the +9 short sword of Due Proportion {spect, Contam rF++ Int+5}
   (You found it on level 6 of the Dungeon)

   When its wielder attacks, the weapon's spirit leaps out and strikes again.
   The spirit shares a part of any damage it takes with its wielder.
   Int:       It affects your intelligence (+5).
   rF:        It greatly protects you from fire.
   Contam:    It causes magical contamination when unequipped.
 q - a +4 antimagic war axe
 w - a +2 vorpal war axe
 C - a +4 spear
 E - a +1 flail of holy wrath
Missiles
 d - 124 stones
 l - 19 boomerangs
 t - 9 curare-tipped darts
 v - 10 atropa-tipped darts
 R - 6 javelins
 T - 20 large rocks (quivered)
Armour
 D - an orb of energy
 H - a +0 cloak (worn)
 I - +3 acid dragon scales (worn)
Jewellery
 c - a ring of protection from cold
 e - a +6 ring of strength
 p - a ring of willpower
 r - a ring of protection from fire
 s - a ring of see invisible (right claw)
 x - a ring of willpower
 A - the ring of Vusk (left claw) {rF+ Dex+5}
   (You found it on level 8 of the Dungeon)

   [ring of protection from fire]

   Dex:       It affects your dexterity (+5).
   rF:        It protects you from fire.
 K - an amulet of regeneration (around neck)
 N - a ring of resist corrosion
 P - a ring of flight
Wands
 m - a wand of flame (16)
 y - a wand of acid (6)
 z - a wand of iceblast (7)
 F - a wand of digging (6)
 L - a wand of charming (12)
 O - a wand of paralysis (17)
 V - a wand of mindburst (7)
Scrolls
 j - 4 scrolls of amnesia
 Q - a scroll of summoning
 U - 4 scrolls of identify
Potions
 g - 4 potions of lignification
 i - 5 potions of flight
 k - 3 potions of haste
 o - 5 potions of curing
 u - a potion of brilliance
 B - a potion of magic
 G - a potion of might
 J - a potion of resistance
 M - a potion of invisibility
 S - 4 potions of mutation


   Skills:
 * Level 7.5 Fighting
 + Level 5.5 Axes
 * Level 7.4 Throwing
 + Level 5.9 Armour
 * Level 9.9 Dodging
 + Level 4.2 Stealth
 + Level 16.6 Unarmed Combat
 * Level 8.4 Invocations
 * Level 6.2 Evocations


You had 9 spell levels left.
You knew the following spells:

 Your Spells              Type           Power      Damage    Failure   Level
a - Blink                 Tloc           0%         N/A       67%         2
b - Magic Dart            Conj           0%         1d3       52%         1
c - Searing Ray           Conj           0%         2d4       67%         2

Your spell library contained the following spells:

 Spells                   Type           Power      Damage    Failure   Level
 Shock                    Conj/Air       0%         1d3       52%         1
 Slow                     Hex            0%         N/A       52%         1
 Sting                    Tmut/Pois      0%         1d3       52%         1
 Summon Small Mammal      Summ           0%         N/A       52%         1
 Poisonous Vapours        Pois/Air       0%         N/A       67%         2
 Call Canine Familiar     Summ           0%         N/A       88%         3
 Confusing Touch          Hex            0%         N/A       88%         3
 Summon Guardian Golem    Hex/Summ       0%         N/A       88%         3
 Swiftness                Air            0%         N/A       88%         3
 Vampiric Draining        Necr           0%         2d6       88%         3
 Airstrike                Air            0%         N/A       99%         4
 Fulminant Prism          Conj/Hex       0%         3d6       99%         4
 Leda's Liquefaction      Hex/Erth       0%         N/A       99%         4
 Olgreb's Toxic Radiance  Pois           0%         N/A       99%         4
 Manifold Assault         Tloc           0%         N/A       100%        5
 Iron Shot                Conj/Erth      0%         9d1       100%        6
 Storm Form               Tmut/Air       0%         N/A       100%        7
 Discord                  Hex            0%         N/A       100%        8


Dungeon Overview and Level Annotations

Branches:
Dungeon (15/15)            Temple (0/1) D:5            Lair (6/6) D:8
  Swamp (0/4) Lair:4        Snake (4/4) Lair:4        Slime (0/5) Lair:5
    Orc (2/2) D:10            Elf (1/3) Orc:2        Vaults (0/5) D:14
 Depths (0/4) D:15

Altars:
Cheibriados
Dithmenos
Elyvilon
Gozag
Kikubaaqudgha
Nemelex Xobeh
Uskayaw
Wu Jian
Yredelemnul
Jiyva

Shops:
D:4 *   D:5 [

Annotations:
D:2 exclusion: downstairs
D:11 exclusion: 2 downstairs
D:13 exclusion: downstairs
D:14 exclusion: downstairs, Frances
Lair:1 exclusion: downstairs
Lair:2 Fannar; Gastronok
Lair:3 exclusion: upstairs
Lair:4 exclusion: 2 oklob plants
Lair:6 Kirke
Snake:3 exclusion: upstairs
Snake:4 Roxanne


Innate Abilities, Weirdness & Mutations

You are too large for most types of armour.
You have claws for hands.
Your natural rate of healing is unusually fast.
You are covered in fur. (AC +1)
You have tough skin. (AC +1)
You are partially covered in iridescent scales. (AC +2)
You are dopey. (Int -2)
Your flesh is heat resistant. (rF+)


Message History

Press: ? - help, Dir - move target, f - five-headed hydra Heal: a five-headed hydra (chance to pacify: 64%)
The five-headed hydra turns neutral.
The five-headed hydra bites the dire elephant!
The five-headed hydra bites the dire elephant.
The five-headed hydra barely misses the dire elephant.
The five-headed hydra bites the dire elephant but does no damage.
The five-headed hydra bites the dire elephant.
The dire elephant tramples you!!
* * * LOW HITPOINT WARNING * * *
You hold your ground!
The dire elephant closely misses you.
Okay, then.
You feel better.
You scratch the dire elephant but do no damage.
You claw the dire elephant!
The dire elephant is lightly wounded.
The dire elephant tramples you but does no damage.
The dire elephant trunk-slaps you.
* * * LOW HITPOINT WARNING * * *
You scratch the dire elephant but do no damage.
The dire elephant is lightly wounded.
You claw the dire elephant!
The dire elephant is moderately wounded.
The dire elephant tramples you!
* * * LOW HITPOINT WARNING * * *
You hold your ground!
The dire elephant completely misses you.
You scratch the dire elephant but do no damage.
The dire elephant is moderately wounded.
You carefully extract the barbed spikes from your body.
You mangle the dire elephant!!
The dire elephant is heavily wounded.
The five-headed hydra completely misses you.
The five-headed hydra closely misses you.
The five-headed hydra bites you! Elyvilon protects you from harm!
The five-headed hydra bites you.
* * * LOW HITPOINT WARNING * * *
The five-headed hydra bites you!
You die...

........#..#.≈...≈.#,,,,#.....#..
....##..#......#...#,,,,#######**
....##..####H####.##,,,,,,,,,,,,,
.........# #...#..#+,,,,,,,,,,,,,
######...# #.≈.#.≈#*,,,,,,,,,,,,,
.....#...#*#D(...?#*,,,,,,,,,,,,,
.....#...##>####.##*,,,,,,,,,,,,,
.....#...#*** #)Y#,,,*********,,
.....#...#######@D#,,,* ***
.....#.........####,,,*
.....#.........#,,,,,,*
.)...#######..##,,,,,,* ***
#####......#..#,,,,*+********,***
#......#..#,,,,*,,,,,,,,*,,,,
#......#..#,,,,*,,,,,,,,*,,,,
#......#..#,,,,*,,,,,,,,*,,,,
#####......####,,,,*******+******


You could see a dire elephant and a neutral five-headed hydra (wandering).

Vanquished Creatures
  Mlioglotl (Snake:3)
  A sphinx (D:13)
  Azrael (D:15)
  Josephine (D:12)
  A vault guard (D:14)
  2 naga warriors (Snake:1)
  A rakshasa (D:15)
  4 boulder beetles
  7 centaur warriors
  3 anacondas
  3 two-headed ogres
  A tengu warrior (D:13)
  3 shock serpents
  Sonja (Lair:4)
  9 skeletal warriors
  2 bog bodies (Lair:4)
  A wizard (D:14)
  3 necromancers (D:14)
  9 ugly things
  3 mana vipers (Snake:1)
  4 cyclopes
  3 manticores
  3 salamanders
  A guardian serpent (Snake:3)
  4 naga magi
  6 elephants (Lair:5)
  A black mamba (shapeshifter) (D:15)
  9 black mambas
  6 cane toads
  2 gargoyles
  An unseen horror (D:11)
  3 rime drakes
  2 freezing wraiths
  4 efreet (D:13)
  3 komodo dragons
  A kobold demonologist (D:12)
  A yaktaur (D:14)
  2 meliai
  2 hornets
  4 trolls
  A polar bear (Lair:2)
  A wolf spider simulacrum (D:14)
  10 slime creatures
  Grinder (D:4)
  4 blink frogs
  7 dream sheep (Lair:5)
  3 shadows
  4 wraiths
  3 wyverns
  22 yaks
  19 humans (D:14)
  3 fire elementals (D:15)
  2 basilisks
  5 vampire mosquitoes
  The ghost of SnailSD the Ducker, an amateur OpFi (D:4)
  A steam dragon (D:8)
  Edmund (D:5)
  19 nagas
  3 acid dragons
  A swamp worm (Lair:4)
  10 water moccasins
  3 hell hounds (D:15)
  An ice beast (D:8)
  2 sky beasts
  A black bear (D:8)
  9 orc warriors
  A necrophage (D:7)
  12 wolves
  6 ogres
  A phantom (D:4)
  4 centaurs
  2 kobold brigands (D:12)
  9 bullfrogs
  3 scorpions
  A wyvern skeleton (D:6)
  8 wights
  An electric eel (Lair:4)
  2 howler monkeys
  A crimson imp (D:4)
  A lava snake (Lair:1)
  3 centaur zombies
  11 orc priests
  2 bullfrog skeletons (D:5)
  An iguana (D:5)
  11 orc wizards
  4 hell rats (Lair:3)
  A killer bee zombie (D:8)
  A hound zombie (D:5)
  2 howler monkey zombies
  4 adders
  A howler monkey skeleton (D:5)
  2 river rats (D:4)
  13 white imps
  2 ufetubi
  An adder skeleton (D:5)
  An adder zombie (D:5)
  7 worms
  5 dart slugs
  41 orcs
  3 bats
  3 endoplasms
  7 giant cockroaches
  5 goblins
  3 hobgoblins
  9 jackals
  14 kobolds
  2 quokkas
  9 ball pythons
  A quokka skeleton (D:4)
  3 rats
480 creatures vanquished.

Vanquished Creatures (others)
  A shock serpent (Snake:3)
  A naga ritualist (Snake:1)
  2 naga magi
  2 black mambas
  A rime drake (Lair:4)
  A cane toad (Lair:4)
  A blink frog (Lair:5)
  A naga (Snake:3)
  A kobold (D:12)
  2 bushes
  17 fungi
  40 plants
70 creatures vanquished.

Grand Total: 550 creatures vanquished

Notes
Turn   | Place    | Note
-------+----------+-------------------------------------------
     0 | D:1      | Acheron the Troll Monk began the quest for the Orb.
     0 | D:1      | Reached XP level 1. HP: 22/22 MP: 0/0
    65 | D:1      | Reached XP level 2. HP: 29/29 MP: 1/1
   255 | D:2      | Found a faded altar of an unknown god.
   257 | D:2      | Found an ancient bone altar of Kikubaaqudgha.
   258 | D:2      | Prayed at the altar of an unknown god.
   258 | D:2      | Became a worshipper of Elyvilon the Healer
   258 | D:2      | Reached * piety under Elyvilon
   258 | D:2      | Reached ** piety under Elyvilon
   450 | D:2      | Reached XP level 3. HP: 21/36 MP: 2/2
   477 | D:2      | Reached *** piety under Elyvilon
  1343 | D:3      | Reached XP level 4. HP: 41/44 MP: 3/3
  1407 | D:3      | Reached skill level 4 in Unarmed Combat
  1452 | D:3      | HP: 2/44 [orc priest/nerve-wracking pain (12)]
  1550 | D:3      | Reached **** piety under Elyvilon
  1604 | D:3      | Reached XP level 5. HP: 49/52 MP: 4/4
  1977 | D:4      | Noticed Grinder
  1982 | D:4      | Paralysed by Grinder for 6 turns
  2005 | D:4      | Paralysed by Grinder for 7 turns
  2015 | D:4      | Killed Grinder
  2016 | D:4      | Reached skill level 5 in Unarmed Combat
  2016 | D:4      | Reached skill level 1 in Invocations
  2016 | D:4      | Reached XP level 6. HP: 61/61 MP: 5/5
  2168 | D:4      | Reached skill level 6 in Unarmed Combat
  2168 | D:4      | Reached XP level 7. HP: 67/67 MP: 7/7
  2188 | D:4      | Found Vus Fosu's Assorted Antiques.
  2263 | D:4      | Bought 2 scrolls labelled AKEXOGE LUACH for 50 gold pieces
  2263 | D:4      | Bought a scroll labelled LOKLEL FOUVUI for 25 gold pieces
  2263 | D:4      | Bought a scroll labelled AKEXOGE LUACH for 25 gold pieces
  2276 | D:5      | Entered Level 5 of the Dungeon
  2276 | D:5      | Noticed Edmund
  2295 | D:5      | Killed Edmund
  2420 | D:4      | Reached ***** piety under Elyvilon
  2576 | D:4      | Found a runed translucent door.
  2581 | D:4      | Noticed SnailSD's ghost (amateur OpFi)
  2744 | D:5      | Found a staircase to the Ecumenical Temple.
  2832 | D:5      | Found Zocotun's Armour Shop.
  2961 | D:5      | Reached skill level 7 in Unarmed Combat
  3226 | D:5      | Reached skill level 1 in Throwing
  3226 | D:5      | Reached XP level 8. HP: 71/75 MP: 8/8
  3721 | D:6      | Identified the -1 helmet "Koek" {rN+ Slay+3}
  3741 | D:6      | Found a shadowy altar of Dithmenos.
  3755 | D:6      | Identified the +9 short sword of Due Proportion {spect,
                  | Contam rF++ Int+5}
  4205 | D:8      | You fall into a shaft and drop 1 floor!
  4229 | D:9      | Reached skill level 1 in Axes
  4229 | D:9      | Reached skill level 8 in Unarmed Combat
  4229 | D:9      | Reached ****** piety under Elyvilon
  4256 | D:10     | Entered Level 10 of the Dungeon
  4285 | D:9      | Noticed a two-headed ogre
  4340 | D:8      | Found an opulent altar of Gozag.
  4342 | D:8      | Identified the ring of Vusk {rF+ Dex+5}
  4355 | D:8      | Found a staircase to the Lair.
  4418 | D:7      | Reached skill level 1 in Evocations
  4700 | D:7      | Found a basalt altar of Yredelemnul.
  5213 | D:8      | Reached XP level 9. HP: 62/84 MP: 10/10
  5618 | D:8      | Reached skill level 9 in Unarmed Combat
  5882 | D:8      | Found a snail-covered altar of Cheibriados.
  6364 | D:9      | Reached skill level 10 in Unarmed Combat
  6403 | D:9      | Noticed a meliai
  6408 | D:9      | Killed a meliai
  6409 | D:9      | Reached skill level 5 in Dodging
  6591 | D:9      | Reached XP level 10. HP: 78/94 MP: 11/11
  6832 | D:10     | Noticed a gargoyle
  6844 | D:10     | Killed a gargoyle
  7173 | D:11     | Reached skill level 1 in Armour
  7216 | D:12     | Noticed a four-headed hydra
  7252 | D:11     | Noticed a four-headed hydra
  7340 | D:11     | Paralysed by a hornet for 1 turns
  7675 | D:10     | Reached skill level 11 in Unarmed Combat
  7695 | D:10     | Noticed a two-headed ogre
  7702 | D:10     | Killed a two-headed ogre
  7789 | D:10     | Found a staircase to the Orcish Mines.
  7996 | D:10     | Found a sparkling altar of Nemelex Xobeh.
  8155 | D:10     | Gained mutation: Your flesh is heat resistant. (rF+)
                  | [potion of mutation]
  8155 | D:10     | Gained mutation: You are partially covered in iridescent
                  | scales. (AC +2) [potion of mutation]
  8155 | D:10     | Gained mutation: You are dopey. (Int -2) [potion of
                  | mutation]
  8244 | D:9      | Killed a two-headed ogre
  8245 | D:9      | Reached XP level 11. HP: 57/101 MP: 13/13
  8592 | Orc:1    | Entered Level 1 of the Orcish Mines
  8592 | Orc:1    | Noticed an orc sorcerer
  8595 | Orc:2    | Entered Level 2 of the Orcish Mines
  8595 | Orc:2    | Found a staircase to the Elven Halls.
  8608 | Elf:1    | Entered Level 1 of the Elven Halls
  8608 | Elf:1    | Noticed a deep elf zephyrmancer
  8663 | Lair:1   | Entered Level 1 of the Lair of Beasts
  9015 | Lair:2   | Noticed Gastronok
  9114 | Lair:1   | Learned a level 2 spell: Blink
  9140 | Lair:1   | Reached skill level 5 in Fighting
  9840 | Lair:2   | Noticed Fannar
 10115 | Lair:3   | Reached skill level 12 in Unarmed Combat
 10150 | Lair:3   | Noticed a six-headed hydra
 10188 | Lair:4   | Noticed a bog body
 10333 | Lair:4   | Noticed a bog body
 10342 | Lair:4   | Killed a bog body
 10348 | Lair:4   | Killed a bog body
 10391 | Lair:4   | Found a staircase to the Swamp.
 10420 | Lair:4   | Noticed Sonja
 10495 | Lair:5   | Reached XP level 12. HP: 98/111 MP: 14/14
 10497 | Lair:5   | Reached skill level 5 in Invocations
 10568 | Lair:5   | Noticed a seven-headed hydra
 10665 | Lair:6   | Entered Level 6 of the Lair of Beasts
 10690 | Lair:6   | Reached skill level 5 in Throwing
 10699 | Lair:6   | Noticed Kirke
 10936 | Lair:5   | Found a viscous altar of Jiyva.
 10937 | Lair:5   | Found a staircase to the Slime Pits.
 11080 | Lair:4   | Reached skill level 13 in Unarmed Combat
 11134 | Lair:3   | Noticed a seven-headed hydra
 11137 | Lair:3   | Pacified a seven-headed hydra
 11759 | Lair:4   | Found a staircase to the Snake Pit.
 11770 | Lair:4   | Noticed a four-headed hydra
 11773 | Lair:4   | Pacified a four-headed hydra
 11973 | Lair:4   | Noticed a five-headed hydra
 11988 | Lair:4   | Pacified a five-headed hydra
 12320 | Lair:4   | Killed Sonja
 12321 | Lair:4   | Reached XP level 13. HP: 49/100 MP: 16/16
 12549 | Snake:1  | Entered Level 1 of the Snake Pit
 12675 | Lair:4   | Reached skill level 5 in Axes
 13279 | D:4      | Found a runed translucent door.
 13290 | D:4      | Killed SnailSD's ghost
 13837 | D:6      | Found an ornate altar of the Wu Jian Council.
 14337 | Lair:3   | Reached skill level 14 in Unarmed Combat
 14713 | Snake:1  | Reached skill level 5 in Armour
 15213 | Snake:3  | HP: 6/120 [shock serpent/bolt of electricity (16)]
 15224 | Snake:3  | HP: 1/122 [black mamba (11)]
 15376 | Snake:3  | Noticed a nagaraja
 15518 | Snake:3  | Identified a scroll of acquirement
 15518 | Snake:3  | Acquired a manual of Dodging
 15704 | Snake:4  | Entered Level 4 of the Snake Pit
 15796 | Snake:4  | Noticed Roxanne
 15988 | Snake:4  | Found a shadowy altar of Dithmenos.
 16128 | Snake:3  | Noticed Mlioglotl
 16149 | Snake:3  | Killed Mlioglotl
 16150 | Snake:3  | Reached skill level 5 in Evocations
 16229 | Snake:2  | Reached XP level 14. HP: 75/131 MP: 18/18
 16944 | D:11     | Reached skill level 15 in Unarmed Combat
 17142 | D:13     | Found a frozen archway.
 17153 | D:12     | Noticed Josephine
 17970 | D:12     | Learned a level 1 spell: Magic Dart
 18219 | D:15     | Entered Level 15 of the Dungeon
 18289 | D:14     | Elyvilon protects you from harm!
 18312 | D:14     | Noticed Frances
 18775 | D:12     | Killed Josephine
 19311 | D:13     | Noticed a sphinx
 19332 | D:13     | Killed a sphinx
 19452 | D:13     | Reached skill level 16 in Unarmed Combat
 19940 | D:14     | Got the Collected Works on Dusty Hexes
 19969 | D:14     | Found a hide-covered altar of Uskayaw.
 20279 | D:15     | Reached XP level 15. HP: 126/140 MP: 20/20
 20401 | D:14     | Learned a level 2 spell: Searing Ray
 20511 | D:14     | Found a gate to the Vaults.
 20788 | D:15     | Noticed Azrael
 20821 | D:15     | Killed Azrael
 21109 | D:15     | Found a staircase to the Depths.
 21138 | D:15     | HP: 6/140 [dire elephant (8)]
 21140 | D:15     | Elyvilon protects you from harm!
 21140 | D:15     | HP: 2/140 [five-headed hydra (6)]
 21140 | D:15     | Slain by a five-headed hydra

Illustrated notes

Levels and vault maps discovered:
D:1:      amcnicky_arrival_double_pillar, layout_rooms, minmay_split_cup_small
D:2:      layout_basic, nicolae_ecumenical_oubliette, basic_altar
D:3:      layout_rooms, minmay_goblin_kobold_house
D:4:      layout_basic, serial_shops, nicolae_shop_advertising_works
          [nicolae_subvault_shop_adworks], ebering_ghost_sewer_f,
          minmay_fire_ice_demons, uniq_grinder
D:5:      layout_layer_cave, minmay_temple_entry_ruins, serial_shops, shop,
          hangedman_abyss_or_decor_passed, uniq_edmund
D:6:      layout_layer_cave, nicolae_overflow_crystal_walls,
          mainiacjoe_overflow_alcove_4, minmay_crystal_water
D:7:      layout_basic, mainiacjoe_overflow_boulevard, skrybe_limestone_x
D:8:      layout_basic, cheibriados_altar_1, mainiacjoe_overflow_tiny_flanked,
          lair_entry_dummy
D:9:      layout_irregular_city, serial_column_ruins, column_ruins_hut_water,
          column_ruins_hut, column_ruins_columns_dead_end,
          column_ruins_corridor_T, column_ruins_grid_1,
          column_ruins_columns_straight, column_ruins_open_small,
          kennysheep_nondescript
D:10:     layout_loops_ring, nemelex_spade_bored_becter, orc_0_dummy,
          minmay_splitting_lines
D:11:     layout_roguey, serial_rivers, chequers_serial_rivers_micro_b,
          chequers_serial_rivers_small_3, chequers_serial_rivers_small_b,
          chequers_serial_rivers_micro_c, chequers_serial_rivers_micro_e,
          chequers_serial_rivers_micro_e, gauntlet_entry_generic
D:12:     layout_rooms, special_room [special_room_orc], uniq_josephine
D:13:     minmay_connected_boxes_in_corner, layout_irregular_city,
          gammafunk_ghost_grave, portal_ice_cave_entry_imps
D:14:     layout_basic, grunt_vaults_entry_tiered, nicolae_uskayaw_dance_hall,
          uniq_frances
D:15:     hangedman_depths_entry_try_elsewhere_first, layout_gridville,
          uniq_azrael
Lair:1:   layout_gridlike, serial_bayou_shore_a
Lair:2:   layout_gridlike, lemuel_old_faithful, infiniplex_staircase_pool,
          grunt_megastairs_4, uniq_fannar, uniq_gastronok
Lair:3:   layout_cave_pods
Lair:4:   layout_cave_pods, nicolae_swamp_entry_splash_gauntlet,
          minmay_snake_entry_guardpost_small, minmay_stone_trees_small,
          dpeg_oklob_1, lemuel_fruit_fields, uniq_sonja
Lair:5:   layout_roguey, dpeg_slime_entry_enclosed_altar
Lair:6:   minmay_lair_end_frog_pond, layout_cave_pods,
          lightli_volcano_entry_magma_tube, uniq_kirke
Snake:1:  layout_gridlike, drop_trap, grunt_ministairs_8, grunt_megastairs_1
Snake:2:  nicolae_snake_crotalidae_crossing, layout_layer_cave,
          minmay_shop_grove
Snake:3:  layout_cave_town, serial_bayou_pond_e, grunt_megastairs_2,
          uniq_mlioglotl
Snake:4:  hellmonk_snake_rune_quicksilver_temple, layout_misc_corridors,
          basic_altar, uniq_roxanne
Orc:1:    layout_caves
Orc:2:    st_orc_elflike, layout_diamond_mine, serial_shops,
          nicolae_shop_hallway_plus
Elf:1:    layout_gridlike, orc_legates

Skill      XL: |  1  2  3  4  5  6  7  8  9 10 11 12 13 14 15 |
---------------+----------------------------------------------+-----
Dodging        | 3 4 5 6 7 9 |  9.9
Unarmed Combat | 4 5 6 7 8 10 11 12 13 14 16 | 16.6
Fighting       | 3 4 5 6 7 |  7.5
Invocations    | 1 2 3 4 6 7 8 |  8.4
Stealth        | 2 3 4 |  4.2
Throwing       | 1 2 3 4 5 6 7 |  7.4
Axes           | 1 2 3 4 5 |  5.5
Evocations     | 1 2 3 4 5 6 |  6.2
Armour         | 2 3 4 5 |  5.9

Action                   |  1- 3 |  4- 6 |  7- 9 | 10-12 | 13-15 || total
-------------------------+-------+-------+-------+-------+-------++-------
Melee: Unarmed           |    95 |    84 |   265 |   409 |   909 ||  1762
       Punch             |     2 |     2 |     8 |    40 |   119 ||   171
Throw: Dart              |       |       |     3 |       |       ||     3
       Boomerang         |       |       |     5 |    27 |       ||    32
       Large rock        |       |       |       |     1 |    20 ||    21
Invok: Heal Other        |       |       |     4 |    31 |    26 ||    61
       Purification      |       |       |       |       |     1 ||     1
       Heal Self         |       |       |       |       |     1 ||     1
Evoke: Wand              |       |       |       |     3 |     1 ||     4
  Use: Scroll            |       |     9 |     8 |     8 |    22 ||    47
       Potion            |       |       |     1 |     2 |     7 ||    10
 Stab: Sleeping          |     3 |       |     3 |     1 |    10 ||    17
       Distracted        |       |       |       |     1 |     2 ||     3
Armor: Robe              |    29 |    16 |    44 |       |       ||    89
       Acid dragon scale |       |       |       |   168 |   292 ||   460
Dodge: Dodged            |    44 |    37 |   134 |   252 |   541 ||  1008
